 Dungeon Sprint DCSS version 0.17-a0-1382-gc46a074 (webtiles) character file.

27 Kidiri the Magician (level 2, 0/16 HPs)
             Began as a Deep Elf Fire Elementalist on June 15, 2015.
             Was an Initiate of Vehumet.
             Slain by a hound (5 damage)
             ... in the Dungeon (Sprint IX: "|||||||||||||||||||||||||||||").
             The game lasted 00:01:35 (202 turns).

Kidiri the Magician (Deep Elf Fire Elementalist)     Turns: 202, Time: 00:01:35

Health: 0/16       AC:  2    Str:  5    XL:     2   Next: 93%
Magic:  5/9        EV: 14    Int: 19    God:    Vehumet [......]
Gold:   0          SH:  0    Dex: 15    Spells: 1 memorised, 9 levels left

rFire  . . .     SeeInvis .     (no weapon)
rCold  . . .     Clarity  .     a - +0 robe
rNeg   . . .     SustAt   .     (no shield)
rPois  .         Gourm    .     (no helmet)
rElec  .         Spirit   .     (no cloak)
rCorr  .         Warding  .     (no gloves)
rMut   .         NoTele   +     (no boots)
MR     .....                    (no amulet)
Stlth  ++........               (no ring)
                                (no ring)

@: very slightly contaminated, not resistant to hostile enchantments, unstealthy
A: no striking features
a: Renounce Religion


You were in the Dungeon.
You worshipped Vehumet.
Vehumet was noncommittal.
You were not hungry.

You visited 1 branch

Inventory:

Hand weapons
 j - a +0 short sword
Armour
 a - a +0 robe (worn)
Potions
 d - a potion of curing
 e - a potion of heal wounds
 f - a potion of haste
 g - 2 potions of magic
 h - a potion of berserk rage
Books
 b - a book of Flames

   Spells                             Type                      Level
   a - Flame Tongue                   Conjuration/Fire             1
   b - Throw Flame                    Conjuration/Fire             2
   c - Conjure Flame                  Conjuration/Fire             3
   d - Inner Flame                    Hexes/Fire                   3
   e - Sticky Flame                   Conjuration/Fire             4
   f - Fireball                       Conjuration/Fire             5
Comestibles
 c - a bread ration
 k - 3 chunks of flesh


   Skills:
 + Level 1.3 Fighting
 * Level 1.7 Armour
 * Level 4.1 Dodging
 - Level 2.4 Stealth
 * Level 4.7 Spellcasting
 + Level 2.2 Conjurations
 + Level 4.0 Fire Magic


You had 9 spell levels left.
You knew the following spells:

 Your Spells              Type           Power        Failure   Level  Hunger
a - Flame Tongue          Conj/Fire      ###..        4%          1    None


Dungeon Overview and Level Annotations

Branches:
Dungeon (1/1)

Altars:
Cheibriados
Dithmenos
Elyvilon
Fedhas
Gozag
Kikubaaqudgha
Makhleb
Nemelex Xobeh
Okawaru
Qazlal
Ru
Sif Muna
Trog
Vehumet
Xom
Yredelemnul
Zin
The Shining One
Beogh
Jiyva
Lugonu


Message History

There is a blossoming altar of Fedhas here.
There is a snail-covered altar of Cheibriados here.
There is a shadowy altar of Dithmenos here.
The giant gecko barely misses you.
There is a stormy altar of Qazlal here.
Casting: Flame Tongue
Confirm with . or Enter, or press ? or * to list all spells.
Aiming: Flame Tongue
Press: ? - help, Shift-Dir - straight line, f - giant gecko
Aim: a giant gecko (clinging)
The flame tongue hits the giant gecko.
You kill the giant gecko!
Vehumet accepts your kill.
Your Fire Magic skill increases to level 4!
The hound barely misses you.
There is an opulent altar of Gozag here.
The hound barely misses you.
There is a sacrificial altar of Ru here.
You open the door. The hound bites you.
You die... ▓▓▓▓▓▓▓▓▓▓▓▓▓▓▓▓▓▓▓▓▓▓▓▓ [[)|?!'@hY______________ ▓▓▓▓▓▓▓▓▓▓▓▓▓▓▓▓▓▓▓▓▓▓▓▓

You could see a sky beast and a hound.

Vanquished Creatures
  A worker ant (D)
  A hobgoblin (D)
  2 bats (D)
  A giant gecko (D)
  2 kobolds (D)
  A rat (D)
8 creatures vanquished.

Notes
Turn   | Place    | Note
--------------------------------------------------------------
     0 | D        | Kidiri the Deep Elf Fire Elementalist began the quest for the Orb.
     0 | D        | Reached XP level 1. HP: 10/10 MP: 6/6
   146 | D        | Noticed a hound
   146 | D        | Noticed a sky beast
   146 | D        | Noticed a worker ant
   149 | D        | Killed a worker ant
   149 | D        | Reached skill level 1 in Fighting
   149 | D        | Reached skill level 1 in Armour
   149 | D        | Reached skill level 4 in Dodging
   149 | D        | Reached XP level 2. HP: 14/16 MP: 4/9
   177 | D        | Found a glowing silver altar of Zin.
   177 | D        | Found a glowing golden altar of the Shining One.
   177 | D        | Found an ancient bone altar of Kikubaaqudgha.
   177 | D        | Found a basalt altar of Yredelemnul.
   177 | D        | Found a shimmering altar of Xom.
   177 | D        | Found a radiant altar of Vehumet.
   178 | D        | Found an iron altar of Okawaru.
   179 | D        | Found a burning altar of Makhleb.
   180 | D        | Found a deep blue altar of Sif Muna.
   181 | D        | Found a bloodstained altar of Trog.
   182 | D        | Found a sparkling altar of Nemelex Xobeh.
   183 | D        | Found a white marble altar of Elyvilon.
   184 | D        | Found a roughly hewn altar of Beogh.
   185 | D        | Became a worshipper of Vehumet
   186 | D        | Found a viscous altar of Jiyva.
   187 | D        | Found a corrupted altar of Lugonu.
   188 | D        | Found a blossoming altar of Fedhas.
   189 | D        | Found a snail-covered altar of Cheibriados.
   190 | D        | Found a shadowy altar of Dithmenos.
   191 | D        | Found a stormy altar of Qazlal.
   192 | D        | Found an opulent altar of Gozag.
   193 | D        | Found a sacrificial altar of Ru.
   202 | D        | Slain by a hound

Vault maps used:
D:        linesprint

Action                   || total
-------------------------++-------
Melee: Short sword       ||     2
 Cast: Flame Tongue      ||    13
  Use: Scroll            ||     1
